Map: World of Sleepers LE

Players

TurkeyDano - Winner!

  • Race: Protoss Protoss
  • League: Grandmaster
  • Spawn Location: 7:00

printf

  • Race: Protoss Protoss
  • League: Grandmaster
  • Spawn Location: 1:00

VOD

Have the link to the VOD?

Description

Time

  • Played on: Oct. 20, 2019, 4:19 p.m.
  • Length: 3:18
Show
View Real Time Build Order
Export as new Build Order

TurkeyDano Protoss - Winner!

Build Orders:  

Get SALT Encoding   

  12  0:01  Probe  
  13  0:13  Probe  
  14  0:16  Pylon  
  14  0:25  Probe  
  15  0:34  Gateway  
  15  0:39  Probe  
  16  0:43  Assimilator  
  16  0:53  Probe  
  17  1:06  Probe  
  18  1:18  Probe  
  19  1:19  Zealot (Chrono Boost)  
  19  1:24  Cybernetics Core  
  21  1:38  Zealot (Chrono Boost)  
  23  1:42  Pylon  
  23  2:03  Stalker (Chrono Boost)  
  23  2:07  Shield Battery  
  25  2:12  Shield Battery  
  24  2:23  Adept (Chrono Boost)  
  25  2:30  Probe  
  26  2:43  Probe  
  27  2:48  Adept  
  29  2:51  Pylon  
  29  3:01  Probe  
Show
View Real Time Build Order
Export as new Build Order

printf Protoss 

Build Orders:  

Get SALT Encoding   

  12  0:00  Probe  
  13  0:13  Probe  
  14  0:25  Probe  
  15  0:42  Pylon  
  15  0:50  Pylon  
  15  0:54  Pylon  
  15  1:02  Gateway  
  15  1:03  Gateway  
  15  1:08  Gateway  
  15  1:21  Forge  
  15  1:33  Pylon  
  15  1:48  Zealot (Chrono Boost)  
  15  1:49  Zealot (Chrono Boost)  
  19  1:59  Pylon  
  19  2:00  Zealot (Chrono Boost)  
  21  2:07  Zealot  
  23  2:16  Pylon  
  23  2:26  Pylon  
  23  2:34  Zealot (Chrono Boost)  
  29  2:38  Photon Cannon, Zealot (Chrono Boost)  
  29  2:39  Zealot (Chrono Boost)  
  25  2:52  Probe  
Tags
 
Add a new tag
Caveats
  • Supply blocks, unpowered buildings, or Contaminate may cause inaccurate times.
  • Supply counts are checked every 10 seconds.